 Dungeon Crawl Stone Soup version 0.26-a0-1020-ge47f559bc5 (webtiles) character file.

Game seed: 16040808363426834227

10823 Ijustatesigmund the Cleaver (level 11, -13/78 HPs)
             Began as an Octopode Fighter on Dec 8, 2020.
             Was an Elder of Cheibriados.
             Killed by the air
             ... invoked by Morbidden's ghost
              (21 damage)
             ... on level 10 of the Dungeon.
             The game lasted 00:25:37 (12078 turns).

Ijustatesigmund the Cleaver (Octopode Fighter)     Turns: 12078, Time: 00:25:38

Health: -13/78     AC:  1    Str: 30    XL:     11   Next: 68%
Magic:  12/16      EV: 18    Int: 22    God:    Cheibriados [****..]
Gold:   499        SH: 15    Dex: 20    Spells: 10/10 levels left

rFire    + . .     SeeInvis .   a - +5 war axe (flame)
rCold    + . .     Faith    .   b - +2 kite shield
rNeg     . . .     Spirit   .   (helmet restricted)
rPois    +         Reflect  .   (no amulet)
rElec    .         Harm     .   d - +6 ring of strength
rCorr    .         Rampage  .   g - ring of protection from cold
Will     +....                  j - ring of willpower
Stlth    +++.......             l - ring of protection from fire
HPRegen  0.23/turn              (no ring)
MPRegen  0.15/turn              (no ring)
                                (no ring)
                                (no ring)

@: mighty, very slightly contaminated, very slow
A: almost no armour, stealthy swim, amphibious, 8 rings, constrict 8, tentacle
spike 1, camouflage 1, clumsy 1, poison resistance, gelatinous body 1,
MP-powered wands
a: Bend Time, Temporal Distortion, Slouch, Renounce Religion


You were on level 10 of the Dungeon.
You worshipped Cheibriados.
Cheibriados was greatly pleased with you.
You visited 3 branches of the dungeon, and saw 12 of its levels.

You collected 826 gold pieces.
You spent 327 gold pieces at shops.

Inventory:

Hand Weapons
 a - a +5 war axe of flaming (weapon)
 f - the +8 whip of the Equator {pain, rC+ rN+ Dex+3 Stlth+}
   (You found it on level 4 of the Dungeon)

   In the hands of one skilled in necromantic magic, it inflicts extra damage on
   living creatures.
   It affects your dexterity (+3).
   It protects you from cold.
   It protects you from negative energy.
   It makes you more stealthy.
Armour
 b - a +2 kite shield (worn)
Jewellery
 d - a +6 ring of strength (left tentacle)
 g - a ring of protection from cold (right tentacle)
 j - a ring of willpower (on tentacle)
 l - a ring of protection from fire (on tentacle)
 q - a +4 ring of protection {unknown}
Wands
 h - a wand of polymorph (3)
 i - a wand of paralysis (12)
 k - a wand of acid (11)
 p - a wand of iceblast (4)
Scrolls
 m - 2 scrolls of amnesia
 r - 2 scrolls of blinking
Potions
 c - 3 potions of might
 e - 2 potions of lignification
 n - a potion of flight
 o - a potion of haste {unknown}
 s - a potion of ambrosia
 u - a potion of brilliance


   Skills:
 + Level 8.5 Fighting
 + Level 10.6 Axes
 + Level 7.8 Dodging
 + Level 7.8 Shields
 + Level 7.7 Invocations
 + Level 2.8 Evocations


You had 10 spell levels left.
You didn't know any spells.
Your spell library contained the following spells:

 Spells                   Type           Power        Failure   Level
 Freeze                   Ice            #...         38%         1
 Frozen Ramparts          Ice            #.....       77%         3
 Ozocubu's Armour         Ice            #.......     77%         3
 Hailstorm                Conj/Ice       #.......     99%         4
 Summon Ice Beast         Ice/Summ       #.......     99%         4


Dungeon Overview and Level Annotations

Branches:
Dungeon (10/15)            Temple (1/1) D:4            Lair (1/6) D:8
    Orc (0/2) D:10

Altars:
Ashenzari
Cheibriados
Dithmenos
Elyvilon
Fedhas
Gozag
Hepliaklqana
Kikubaaqudgha
Makhleb
Nemelex Xobeh
Okawaru
Qazlal
Ru
Sif Muna
Trog
Uskayaw
Vehumet
Wu Jian
Xom
Yredelemnul
Zin
The Shining One

Shops:
D:4 ?   D:7 !   D:10 [

Annotations:
D:10 1 transporter, Morbidden's ghost, journeyman DsCj


Innate Abilities, Weirdness & Mutations

You cannot wear most types of armour.
You are very stealthy in the water. (Stealth+)
You are amphibious.
You can wear up to eight rings at the same time.
You can use your tentacles to constrict eight enemies at once.
Your skin changes colour to match your surroundings (Stealth+).
Your rubbery body absorbs attacks. (AC +1, EV +1)
One of your tentacles bears a spike.
You are clumsy. (Dex -2)
Your system is resistant to poisons. (rPois)
You expend magic power (3 MP) to strengthen your wands.


Message History

You kill the moth of wrath!
Cheibriados appreciates the change of pace.
You kill the yak!
Cheibriados thoroughly appreciates the change of pace.
Cheibriados lowers the support of your attributes as your movement quickens.
You flicker back into view.
Morbidden's ghost waves its arms in wide circles.
The air twists around and strikes you!
There is a transporter landing site here.
Energy condenses in front of Morbidden's ghost, but quickly dissipates.
You see here a steel ring.
q - a steel ring Morbidden's ghost waves its arms in wide circles.
The air twists around and strikes you!!
* * * LOW HITPOINT WARNING * * *
Unknown command.
You feel better.
Morbidden's ghost waves its arms in wide circles.
The air twists around and strikes you!!
You die...

### ###......... #..
.........).. #.#
###.......))
#######.#######......)..
#.............#........)
..####.©.####.....#.#...
###..#####..##..###.#...
##..#..(:!....#......##.. #
....###@..##.##.........
#.##.#.....#.....#......#..
#..#...#..W..##..#......#..
#..##..#†.....#.........
#..†.#...#...##......#..
##......#....#.....###..
##©###..#####.##... . ###
#### ... . ... .. .


You could see Morbidden's ghost.

Vanquished Creatures
  Erica (D:8)
  A two-headed ogre (D:10)
  A moth of wrath (D:10)
  A manticore (D:10)
  A black mamba (Lair:1)
  A cane toad (Lair:1)
  A komodo dragon (D:10)
  A hornet (D:9)
  A troll (D:9)
  A slime creature (D:9)
  4 blink frogs (Lair:1)
  A wyvern (D:10)
  6 yaks
  A soldier ant (D:10)
  Duvessa (D:5)
  5 water moccasins
  4 ice beasts
  2 black bears (D:10)
  2 sky beasts
  5 ogres
  3 phantoms
  3 centaurs
  5 bullfrogs
  A gnoll sergeant (Lair:1)
  A wyvern skeleton (D:7)
  Dowan (D:5)
  5 scorpions
  9 killer bees
  10 wights
  6 electric eels (D:9)
  2 howler monkeys (D:8)
  A crimson imp (D:6)
  A bullfrog zombie (D:7)
  2 jellies
  6 hounds
  4 orc priests
  2 orc wizards
  2 bullfrog skeletons
  5 centaur skeletons
  2 iguanas
  7 worker ants
  A hound zombie (D:9)
  A hound skeleton (D:9)
  A worker ant zombie (D:6)
  17 adders
  6 gnolls
  7 white imps
  3 ufetubi
  3 oozes
  2 adder skeletons
  2 adder zombies (D:7)
  2 worms
  5 dart slugs
  7 leopard geckos
  22 orcs
  11 bats
  8 giant cockroaches
  6 goblins
  6 hobgoblins
  3 jackals (D:1)
  7 kobolds
  7 quokkas
  3 ball pythons
  4 frilled lizards
  A leopard gecko skeleton (D:4)
  A quokka skeleton (D:7)
  3 rats
258 creatures vanquished.

Vanquished Creatures (others)
  5 dream sheep (D:4)
  8 fungi (Lair:1)
  51 plants
64 creatures vanquished.

Grand Total: 322 creatures vanquished

Notes
Turn   | Place    | Note
-------+----------+-------------------------------------------
     0 | D:1      | Ijustatesigmund the Octopode Fighter began the quest for
                  | the Orb.
     0 | D:1      | Reached XP level 1. HP: 16/16 MP: 1/1
    30 | D:1      | Reached XP level 2. HP: 21/21 MP: 2/2
    71 | D:1      | Reached skill level 3 in Axes
   614 | D:1      | Reached XP level 3. HP: 26/26 MP: 3/3
   882 | D:2      | Reached skill level 4 in Axes
  1057 | D:2      | Found a basalt altar of Yredelemnul.
  1069 | D:2      | Reached XP level 4. HP: 16/31 MP: 4/4
  2238 | D:3      | Found a white marble altar of Elyvilon.
  2331 | D:3      | Reached skill level 5 in Axes
  2332 | D:3      | Reached XP level 5. HP: 30/36 MP: 5/5
  2405 | D:3      | Noticed a phantom
  2408 | D:3      | Noticed an ogre
  2830 | D:4      | Got a steaming whip
  2831 | D:4      | Identified the +8 whip of the Equator {pain, rC+ rN+ Dex+3
                  | Stlth+} (You found it on level 4 of the Dungeon)
  2849 | D:4      | Reached skill level 6 in Axes
  2849 | D:4      | Reached XP level 6. HP: 41/42 MP: 6/6
  2860 | D:4      | Found a staircase to the Ecumenical Temple.
  2931 | D:4      | Found Nekisa's Magic Scroll Shop.
  3009 | D:4      | Bought a scroll of identify for 24 gold pieces
  3009 | D:4      | Bought a scroll of teleportation for 36 gold pieces
  3267 | D:4      | Noticed a dream sheep
  3267 | D:4      | Noticed a dream sheep
  3267 | D:4      | Noticed a dream sheep
  3267 | D:4      | Noticed a dream sheep
  3267 | D:4      | Noticed a dream sheep
  3267 | D:4      | Found a shimmering altar of Xom.
  3272 | D:4      | Killed a dream sheep
  3272 | D:4      | Killed a dream sheep
  3272 | D:4      | Killed a dream sheep
  3272 | D:4      | Killed a dream sheep
  3273 | D:4      | Killed a dream sheep
  3528 | D:5      | Entered Level 5 of the Dungeon
  3537 | D:5      | HP: 2/42 [white imp/puff of frost (5)]
  3553 | D:5      | Reached skill level 7 in Axes
  3727 | D:5      | Noticed a sky beast
  3736 | D:5      | Killed a sky beast
  3737 | D:5      | Reached XP level 7. HP: 22/46 MP: 7/7
  4099 | D:5      | Found a sparkling altar of Nemelex Xobeh.
  4099 | D:5      | Noticed Duvessa
  4099 | D:5      | Noticed Dowan
  4113 | D:5      | Killed Dowan
  4117 | D:5      | Killed Duvessa
  4331 | D:5      | Reached skill level 8 in Axes
  4430 | D:5      | Reached XP level 8. HP: 41/54 MP: 8/8
  4546 | D:5      | Found a stormy altar of Qazlal.
  4698 | D:3      | Reached skill level 5 in Fighting
  5049 | D:6      | Gained mutation: You are occasionally teleported next to
                  | monsters. [potion of mutation]
  5049 | D:6      | Gained mutation: You are somewhat resistant to further
                  | mutation. [potion of mutation]
  5498 | D:6      | Reached skill level 9 in Axes
  5811 | D:6      | Found a burning altar of Makhleb.
  5812 | D:6      | Found a radiant altar of Vehumet.
  5999 | D:6      | Reached XP level 9. HP: 36/63 MP: 9/9
  6188 | Temple   | Entered the Ecumenical Temple
  6308 | Temple   | Became a worshipper of Cheibriados the Contemplative
  6390 | D:7      | Found Yrghiuxti's Distillery.
  6405 | D:7      | Reached skill level 1 in Invocations
  6624 | D:7      | Reached * piety under Cheibriados
  6870 | D:7      | Bought a potion of heal wounds for 65 gold pieces
  7245 | D:7      | Found an ancient bone altar of Kikubaaqudgha.
  7506 | D:8      | Found a staircase to the Lair.
  7521 | Lair:1   | Entered Level 1 of the Lair of Beasts
  7681 | Lair:1   | Reached skill level 5 in Dodging
  7681 | Lair:1   | Reached skill level 5 in Shields
  7879 | Lair:1   | Reached XP level 10. HP: 69/69 MP: 13/13
  7880 | Lair:1   | Reached ** piety under Cheibriados
  7881 | Lair:1   | Reached skill level 5 in Invocations
  8015 | Lair:1   | Lost mutation: You are somewhat resistant to further
                  | mutation. [potion of mutation]
  8015 | Lair:1   | Lost mutation: You are occasionally teleported next to
                  | monsters. [potion of mutation]
  8015 | Lair:1   | Gained mutation: Your system is resistant to poisons.
                  | (rPois) [potion of mutation]
  8015 | Lair:1   | Gained mutation: You are clumsy. (Dex -2) [potion of
                  | mutation]
  8015 | Lair:1   | Gained mutation: One of your tentacles bears a spike.
                  | [potion of mutation]
  8015 | Lair:1   | Gained mutation: You expend magic power (3 MP) to
                  | strengthen your wands. [potion of mutation]
  8043 | Lair:1   | Noticed a cane toad
  8050 | Lair:1   | Killed a cane toad
  8305 | Lair:1   | Noticed a black mamba
  8312 | Lair:1   | Killed a black mamba
  8620 | Lair:1   | Noticed a seven-headed hydra
  9100 | D:8      | Found a broken altar of Ashenzari.
  9105 | D:8      | Noticed Erica
  9112 | D:8      | Killed Erica
  9113 | D:8      | Reached skill level 10 in Axes
  9689 | D:8      | Reached *** piety under Cheibriados
  9705 | D:8      | Found an iron altar of Okawaru.
  9764 | D:8      | Found a shadowy altar of Dithmenos.
  9784 | D:8      | Reached XP level 11. HP: 71/76 MP: 16/16
 10245 | D:9      | Found a white marble altar of Elyvilon.
 10636 | D:9      | Reached **** piety under Cheibriados
 10908 | D:9      | Reached skill level 1 in Evocations
 11497 | D:10     | Entered Level 10 of the Dungeon
 11498 | D:10     | Found Duqya's Antique Armour Shoppe.
 11501 | D:10     | Bought a shiny kite shield for 202 gold pieces
 11736 | D:10     | Found a staircase to the Orcish Mines.
 11779 | D:10     | Noticed a two-headed ogre
 11785 | D:10     | Killed a two-headed ogre
 12038 | D:10     | Noticed a moth of wrath
 12042 | D:10     | Found a transporter.
 12052 | D:10     | Noticed a manticore
 12054 | D:10     | Found a transporter.
 12054 | D:10     | Noticed Morbidden's ghost (journeyman DsCj)
 12056 | D:10     | Killed a manticore
 12072 | D:10     | Killed a moth of wrath
 12077 | D:10     | HP: 1/78 [Morbidden's ghost/the air (25)]
 12078 | D:10     | Killed from afar by Morbidden's ghost

Illustrated notes

Levels and vault maps discovered:
D:1:      wander_arrival_chamber, layout_rooms
D:2:      wad_woods_stonehenge, layout_loops_cross
D:3:      layout_basic, lemuel_round_altar, minmay_misc_feat_room, st_stairs_4
D:4:      layout_cave_pools, kb_xom_exploding_sheep, minmay_temple_entry_arrows,
          serial_shops, shop_statue, bh_walls_and_bars
D:5:      layout_basic, nemelex_altar_shiori, marbit_many_paths, uniq_duvessa
D:6:      layout_loops_ring, grunt_temple_overflow_lords_of_destruction
D:7:      layout_cave_pools, kennysheep_mini, serial_shops, shop_coins
D:8:      layout_layer_cave, ashenzari_altar_1, grunt_temple_overflow_open,
          lair_entry_dummy, uniq_erica
D:9:      cheibrodos_two_vegetables, layout_irregular_city, elyvilon_altar_3
D:10:     layout_cave_pools, orc_0_dummy, gammafunk_ghost_berserking_beasts,
          serial_shops, nicolae_shop_stone
Temple:   minmay_temple_bridge_abc
Lair:1:   layout_loops_ring, lemuel_fruit_fields

Skill      XL: |  1  2  3  4  5  6  7  8  9 10 11 |
---------------+----------------------------------+-----
Axes           | 3 4 5 6 7 8 9 10 | 10.6
Fighting       | 4 6 7 8 |  8.5
Invocations    | 4 6 7 |  7.7
Dodging        | 5 7 |  7.8
Shields        | 5 7 |  7.8
Evocations     | 2 |  2.8

Action                   |  1- 3 |  4- 6 |  7- 9 | 10-12 || total
-------------------------+-------+-------+-------+-------++-------
Melee: War axe           |    56 |   104 |   151 |   171 ||   482
       Constrict         |    18 |    23 |    26 |    30 ||    97
       Tentacles         |    10 |    19 |    38 |    57 ||   124
       Whip              |       |    17 |       |       ||    17
       Kick              |       |       |       |    70 ||    70
Invok: Slouch            |       |       |       |     2 ||     2
Evoke: Wand              |       |       |    13 |     9 ||    22
  Use: Scroll            |     2 |     8 |     8 |     9 ||    27
       Potion            |       |     4 |     5 |     4 ||    13
 Stab: Sleeping          |     6 |     9 |    14 |     7 ||    36
       Distracted        |       |       |     1 |     1 ||     2
       Invisible         |       |       |       |     3 ||     3
Armor: Skin              |     8 |    32 |     5 |     4 ||    49
Dodge: Dodged            |    22 |    45 |    48 |    92 ||   207
Block: Kite shield       |    19 |    48 |    78 |   108 ||   253

Table legend: (Time is in decaauts)
 A = Elapsed time spent in this place.
 B = Non-inter-level travel time spent in this place.
 C = Inter-level travel time spent in this place.
 D = Time resting spent in this place.
 E = Time spent auto-exploring this place.
 F = Levels seen in this place.
 G = Mean time per level.
                   A        B        C        D        E       F      G
               +--------+--------+--------+--------+--------+-----+--------+
         Total |  13559 |  12923 |    636 |   3635 |   7344 |  12 | 1129.9 |
       Dungeon |  12025 |  11476 |    549 |   2832 |   6854 |  10 | 1202.5 |
        Temple |    147 |    120 |     27 |      0 |    106 |   1 |  147.0 |
          Lair |   1386 |   1326 |     60 |    803 |    384 |   1 | 1386.0 |
               +--------+--------+--------+--------+--------+-----+--------+

Top non-repeatable levels by time:
     D:8: 2035 daAuts
     D:9: 1766 daAuts
  Lair:1: 1386 daAuts
     D:6: 1237 daAuts
     D:5: 1188 daAuts
     D:2: 1173 daAuts
     D:7: 1151 daAuts
     D:3: 1045 daAuts
     D:4: 917 daAuts
     D:1: 773 daAuts
    D:10: 735 daAuts
  Temple: 147 daAuts
